 Dungeon Crawl Stone Soup version 0.23.2-1-ga50397a (webtiles) character file.

Game seed: 6495723293290708872

28 Iscandelvey the Vexing (level 3, 25/26 HPs)
             Began as a Demonspawn Arcane Marksman on Apr 17, 2019.
             Quit the game on level 1 of the Dungeon.
             The game lasted 00:00:26 (518 turns).

Iscandelvey the Vexing (Demonspawn Arcane Marksman)  Turns: 518, Time: 00:00:27

Health: 25/26      AC:  2    Str: 10    XL:     3   Next: 0%
Magic:  4/4        EV: 14    Int: 15    God:
Gold:   79         SH:  0    Dex: 13    Spells: 3/4 levels left

rFire    . . .     SeeInvis .   a - +0 hand crossbow
rCold    . . .     Gourm    .   (no shield)
rNeg     . . .     Faith    .   e - +0 robe
rPois    .         Spirit   .   (no helmet)
rElec    .         Reflect  .   (no cloak)
rCorr    .         Harm     .   (no gloves)
MR       .....                  (no boots)
Stlth    +.........             (no amulet)
HPRegen  0.08/turn              (no ring)
MPRegen  0.09/turn              (no ring)

@: no status effects
A: talons 1, repulsion field 1
a: no special abilities


You were on level 1 of the Dungeon.
You were not hungry.

You visited 1 branch of the dungeon, and saw 1 of its levels.

You collected 79 gold pieces.

Inventory:

Hand Weapons
 a - a +0 hand crossbow (weapon)
Missiles
 d - 32 bolts (quivered)
Armour
 e - a +0 robe (worn)
Jewellery
 i - an uncursed ring of resist corrosion {unknown}
Scrolls
 b - 4 scrolls of identify {unknown}
 c - a scroll of remove curse {unknown}
 g - a scroll of noise {unknown}
Potions
 h - a potion of heal wounds {unknown}
Comestibles
 f - a ration


   Skills:
 + Level 1.0 Fighting
 + Level 2.5 Crossbows
 + Level 2.0 Dodging
 + Level 1.0 Spellcasting
 + Level 3.5 Hexes


You had 3 spell levels left.
You knew the following spells:

 Your Spells              Type           Power        Failure   Level  Hunger
a - Corona                Hex            ##.....      6%          1    ##.....

Your spell library contained the following spells:

 Spells                   Type           Power        Failure   Level  Hunger
 Slow                     Hex            ##......     9%          2    ###....
 Inner Flame              Hex/Fire       #.......     34%         3    ####...
 Portal Projectile        Hex/Tloc       #.....       34%         3    ####...
 Cause Fear               Hex            ##........   50%         4    #####..
 Leda's Liquefaction      Hex/Erth       #.........   75%         4    #####..


Dungeon Overview and Level Annotations

Branches:
Dungeon (1/15)

Altars:


Innate Abilities, Weirdness & Mutations

You have sharp toenails.
You are surrounded by a mild repulsion field. (EV +2)


Message History

Key pressed, stopping explore.
No target in view!
Key pressed, stopping explore.
No target in view!
You now have 79 gold pieces (gained 15).
A frilled lizard comes into view.
The frilled lizard hisses angrily.
Firing (i - inventory)
d - 33 bolts (quivered)
Press: ? - help, Shift-Dir - straight line, f - frilled lizard
Aim: a frilled lizard You shoot a bolt.
The bolt hits the frilled lizard.
You kill the frilled lizard!
You have reached level 3!
Your experience leads to an increase in your attributes!
Increase (S)trength, (I)ntelligence, or (D)exterity?
You feel clever.
Your demonic ancestry asserts itself...
You begin to radiate repulsive energy.
A giant cockroach comes into view.
The giant cockroach moves out of view.
Are you sure you want to abandon this character and quit the game? (Confirm with "yes".)

######### ####
#.......# ...#
#.#####.#
#.###.#####.#####
##...............#
..####.#####.###@#
#.# #.# #.#
#.....(.# #.# #..
..# ####.##.# #.#
########## # ..#
#.......# #.#
#.#####.# †.# #.#
#.# #.# #.# #.#
.####.#####.#


There were no monsters in sight!

Vanquished Creatures
  A dart slug (D:1)
  A leopard gecko (D:1)
  2 giant cockroaches (D:1)
  A goblin (D:1)
  2 hobgoblins (D:1)
  7 jackals (D:1)
  3 kobolds (D:1)
  A bat (D:1)
  A frilled lizard (D:1)
  3 rats (D:1)
22 creatures vanquished.

Notes
Turn   | Place    | Note
-------+----------+-------------------------------------------
     0 | D:1      | Iscandelvey the Demonspawn Arcane Marksman began the quest
                  | for the Orb.
     0 | D:1      | Reached XP level 1. HP: 15/15 MP: 2/2
   164 | D:1      | Gained mutation: You have sharp toenails. [demonic
                  | ancestry]
   164 | D:1      | Reached XP level 2. HP: 21/21 MP: 3/3
   517 | D:1      | Gained mutation: You are surrounded by a mild repulsion
                  | field. (EV +2) [demonic ancestry]
   517 | D:1      | Reached XP level 3. HP: 25/26 MP: 4/4
   518 | D:1      | Quit the game

Skill      XL: |  1  2 |
---------------+-------+-----
Crossbows      | 2 |  2.5
Dodging        | 2 |  2.0
Fighting       | |  1.0
Spellcasting   | |  1.0
Hexes          | |  3.5

Action                   || total
-------------------------++-------
 Fire: Hand crossbow     ||    49
Armor: Robe              ||     7
Dodge: Dodged            ||    21
